 Dungeon Crawl Stone Soup version 0.31-a0-1458-g2f8d4710b4 (webtiles) character file.

Game seed: 9489101630548363909

115573 Essalna the Warrior (level 16, -1/116 HPs)
             Began as a Gargoyle Earth Elementalist on Dec 28, 2023.
             Was a High Priest of Vehumet.
             Slain by Donald
             ... wielding a +3 broad axe of flaming
              (32 damage)
             ... on level 2 of the Swamp.
             The game lasted 01:15:06 (33029 turns).

Essalna the Warrior (Gargoyle Earth Elementalist)  Turns: 33029, Time: 01:15:07

Health: -1/116     AC: 22    Str: 14    XL:     16   Next: 69%
Magic:  13/46      EV: 12    Int: 22    God:    Vehumet [*****.]
Gold:   3434       SH:  4    Dex: 10    Spells: 11/31 levels left

rFire   + + .        c - +2 falchion "Newtslayer" {freeze, rF+ MP+9}
rCold   + . .        K - +0 buckler {rC+ rF+}
rNeg    + . .        Q - +0 troll leather armour
rPois   ∞            Y - +2 hat
rElec   +            B - +0 cloak
rCorr   +            (no gloves)
SInv    .            (no boots)
Will    +....        u - amulet of regeneration
Stlth   ++           n - ring of Levyclul {^Contam +Blink Fly rCorr MP+9}
HPRegen 1.99/turn    X - +4 ring of protection
MPRegen 0.30/turn

%: no passive effects
@: about to teleport, flying
A: sickness immunity, AC +12, big wings, negative energy resistance 1,
electricity resistance, torment resistance 1, petrification resistance
a: Renounce Religion, Evoke Blink


You were on level 2 of the Swamp.
You worshipped Vehumet.
Vehumet was extremely pleased with you.
You visited 5 branches of the dungeon, and saw 27 of its levels.
You also visited: Sewer, Bailey, Ice Cave and Volcano.

You collected 3532 gold pieces.
You spent 98 gold pieces at shops.

Inventory:

Hand Weapons
 c - the +2 falchion "Newtslayer" (weapon) {freeze, rF+ MP+9}
   (You found it on level 13 of the Dungeon)

   rF+:       It protects you from fire.
   MP+9:      It affects your magic capacity (+9).
 j - a +0 dagger of venom
Missiles
 R - a throwing net
Armour
 B - a +0 cloak (worn)
 K - a +0 buckler of resistance (worn)
 Q - a +0 troll leather armour (worn)
 W - a +1 buckler of reflection
 Y - a +2 hat (worn)
Magical Staves
 m - a staff of fire
Jewellery
 n - the ring of Levyclul (left hand) {^Contam +Blink Fly rCorr MP+9}
   (You found it on level 2 of the Dungeon)

   [ring of magical power]

   MP+9:      It affects your magic capacity (+9).
   Fly:       It grants you flight.
   +Blink:    It lets you blink.
   ^Contam:   It causes magical contamination when unequipped.
   rCorr:     It protects you from acid and corrosion.
 u - an amulet of regeneration (around neck)
 z - a ring of protection from fire
 F - a ring of fire
 N - a ring of willpower
 O - a +6 ring of intelligence
 P - a +6 ring of dexterity
 X - a +4 ring of protection (right hand)
Wands
 q - a wand of paralysis (15)
 w - a wand of light (17)
 H - a wand of mindburst (28)
 J - a wand of roots (19)
 S - a wand of digging (8)
 V - a wand of flame (16)
Scrolls
 a - 2 scrolls of torment {unknown}
 h - 3 scrolls of fear
 i - a scroll of blinking
 k - 3 scrolls of revelation
 l - 5 scrolls of identify
 o - 4 scrolls of vulnerability
 t - 4 scrolls of brand weapon
 x - 3 scrolls of poison
 y - 7 scrolls of fog
 A - 13 scrolls of teleportation
 D - 3 scrolls of immolation
 G - 3 scrolls of enchant armour
 I - 3 scrolls of enchant weapon
 U - a scroll of butterflies
Potions
 b - 4 potions of heal wounds
 d - 10 potions of enlightenment
 e - 7 potions of attraction
 f - 3 potions of berserk rage
 g - 5 potions of cancellation
 p - 3 potions of invisibility
 r - 3 potions of might
 s - 3 potions of haste
 v - a potion of lignification
 C - 5 potions of resistance
 E - 14 potions of curing
 L - 4 potions of brilliance
 M - a potion of magic
 T - 13 potions of degeneration
 Z - 2 potions of mutation


   Skills:
 + Level 19.1 Fighting
 - Level 5.0 Armour
 - Level 6.0 Dodging
 - Level 2.1 Stealth
 - Level 4.0 Shields
 - Level 8.2 Spellcasting
 - Level 14.2 Conjurations
 + Level 14.8 Fire Magic
 - Level 4.0 Ice Magic
 - Level 4.0 Air Magic
 - Level 10.1 Earth Magic
 - Level 1.0 Alchemy


You had 11 spell levels left.
You knew the following spells:

 Your Spells              Type           Power      Damage    Failure   Level
a - Sandblast             Erth           100%       2d20      1%          1
b - Stone Arrow           Conj/Erth      100%       3d13      1%          3
c - Fireball              Conj/Fire      32%        3d14      1%          5
d - Freezing Cloud        Conj/Ice/Air   20%        6-21      4%          5
e - Bombard               Conj/Erth      29%        9d5       3%          6

Your spell library contained the following spells:

 Spells                   Type           Power      Damage    Failure   Level
 Plasma Beam              Fire/Air       25%        2x1d37    11%         6
 Shock                    Conj/Air       100%       1d9       1%          1
 Sting                    Conj/Alch      100%       1d9       1%          1
 Mercury Vapours          Alch/Air       40%        N/A       1%          2
 Static Discharge         Conj/Air       98%        3-8/arc   1%          2
 Frozen Ramparts          Ice            52%        1d8       1%          3
 Hailstorm                Conj/Ice       49%        3d10      1%          3
 Passwall                 Erth           52%        N/A       1%          3
 Brom's Barrelling Bould  Conj/Erth      58%        2d7       1%          4
 Lee's Rapid Deconstruct  Erth           26%        3d14*     1%          5
 Airstrike                Air            13%        2d(2-18)  6%          4
 Swiftness                Air            26%        N/A       7%          3
 Ensorcelled Hibernation  Hex/Ice        34%        N/A       8%          2
 Necrotise                Necr           36%        1d5       12%         1
 Leda's Liquefaction      Alch/Erth      16%        N/A       12%         4
 Petrify                  Alch/Erth      33%        N/A       12%         4
 Animate Armour           Summ/Erth      62%        N/A       14%         4
 Summon Ice Beast         Ice/Summ       17%        N/A       16%         3
 Lesser Beckoning         Tloc           18%        N/A       19%         2
 Olgreb's Toxic Radiance  Alch           13%        N/A       21%         4
 Gell's Gravitas          Tloc           9%         N/A       34%         3
 Teleport Other           Tloc           9%         N/A       34%         3
 Vampiric Draining        Necr           9%         2d6       34%         3
 Borgnjor's Vile Clutch   Necr/Erth      15%        N/A       38%         5
 Summon Lightning Spire   Summ/Air       17%        N/A       45%         4
 Animate Dead             Necr           9%         N/A       75%         4
 Martyr's Knell           Necr/Summ      9%         N/A       75%         4
 Lehudib's Crystal Spear  Conj/Erth      29%        10d8      75%         8
 Metabolic Englaciation   Hex/Ice        8%         N/A       82%         5
 Alistair's Intoxication  Alch           8%         N/A       91%         5
 Eringya's Noxious Bog    Alch           6%         4d6       94%         6
 Curse of Agony           Necr           9%         N/A       97%         5
 Sculpt Simulacrum        Ice/Alch       10%        N/A       100%        6
 Haunt                    Necr/Summ      4%         N/A       100%        7
 Infestation              Necr           4%         N/A       100%        8


Dungeon Overview and Level Annotations

Branches:
Dungeon (15/15)            Temple (1/1) D:4            Lair (5/5) D:10
  Swamp (4/4) Lair:3        Snake (0/4) Lair:2        Slime (0/5) Lair:5
    Orc (2/2) D:11            Elf (0/3) Orc:2        Vaults (0/5) D:13
 Depths (0/4) D:15          Sewer (visited)          Bailey (visited)
  IceCv (visited)         Volcano (visited)

Altars:
Ashenzari
Cheibriados
Dithmenos
Elyvilon
Fedhas
Gozag
Hepliaklqana
Kikubaaqudgha
Makhleb
Nemelex Xobeh
Okawaru
Qazlal
Ru
Sif Muna
Trog
Uskayaw
Vehumet
Wu Jian
Xom
Yredelemnul
Zin
The Shining One
Jiyva

Shops:
D:12 ?   Orc:2 *(((

Annotations:
Swamp:2 Donald


Innate Abilities, Weirdness & Mutations

You are immune to sickness and miasma.
Your stone body is resilient. (AC +12)
You are immune to poison.
Your large and strong wings let you fly.
You resist negative energy. (rN+)
You are resistant to electric shocks. (rElec)
You are resistant to unholy torment.
You are immune to petrification.


Message History

The foxfire hits you. You resist.
You fly upwards.
Level annotation: Donald
There is a stone staircase leading down here.
You start resting.
HP restored.
You start resting.
Your magical contamination has completely faded away.
You start resting.
Donald is nearby!
Donald is nearby!
Donald is nearby!
Donald is nearby!
Donald is nearby!
Casting: Sandblast (safe; 1% risk of failure)
Confirm with . or Enter, or press ? or * to list all spells.
Okay, then.
Donald casts a spell.
Donald seems to grow stronger.
Donald mumbles some strange words.
Donald seems to speed up.
There is a stone staircase leading up here.
Donald hits you with a +3 broad axe of flaming!!
Donald burns you.
You fly upwards.
There is a stone staircase leading down here.
As you read the scroll of teleportation, it crumbles to dust.
You feel strangely unstable.
Donald hits you with a +3 broad axe of flaming!
Donald hits you with a +3 broad axe of flaming!!
Donald burns you.
Donald says, "Maybe I'll visit Hell next."
Donald attacks as he pursues you!
Donald hits you with a +3 broad axe of flaming!
* * * LOW HITPOINT WARNING * * *
Donald burns you.
* * * LOW HITPOINT WARNING * * *
Donald hits you with a +3 broad axe of flaming!!
You die...
Donald says, "Well, maybe you weren't so bad after all."

♣♣♣~.~~~.~~.♣..§~~~..~♣.~~~~~.~♣.
♣ ♣♣.~~~~~....~~~~~.....~~~~~♣♣♣♣
♣ ♣~.~~~~..~~~~~~~♣~.~~.~~..♣♣♣♣
♣ ♣~.....♣♣♣♣~.~~~..~~~~~..~♣♣~.
♣...~..~♣♣♣~.~~~.~~.<...(♣♣♣♣. ♣♣
♣♣~.♣♣♣~~♣♣♣~.......~....♣♣♣~.
.♣♣♣♣.~♣♣♣♣.~.♣♣~>.~.~~.....♣♣~~.
....~♣♣...).~~~♣♣@.♣♣♣~~~~.~~~...
>~...♣♣.~~~~~...@.....~~~~~~~§...
~~~~..♣<~§~~~~~......~~~~.~~~~..~
~§~~.~~.~§~~~~~..~§~~~~~...~~~~~.
~~~~.♣..~~~..~§....~~~~~~...~~~~~
....~♣♣........♣...~~~~~~....~~~~
.....♣♣♣♣.~♣♣♣♣♣~...~~~..~~~..~~.
~.....♣♣♣♣♣♣ ♣♣♣~.~~~..~~<♣♣~~.
~..~§~.♣ ♣♣♣~~~....~♣♣♣~≈
....~~.♣♣♣♣♣ ♣.~..♣♣~~~♣.♣~


You could see Donald (fast, strong).

Vanquished Creatures
  A sphinx (D:12)
  A thorn hunter (Swamp:2)
  A tengu reaver (D:15)
  A fenstrider witch (Swamp:3)
  5 eleionomae
  2 bunyips
  A yaktaur captain (D:12)
  Harold (D:10)
  13 hydras
  2 vault guards
  The ghost of Gotas the Marksspriggan, a journeyman SpHu of Okawaru (D:13)
  Erica (D:10)
  4 two-headed ogres
  3 centaur warriors
  A ghost crab (Swamp:4)
  2 alligators
  A boulder beetle (D:11)
  A merfolk avatar (Lair:5)
  A tengu warrior (D:13)
  6 death yaks
  A deep troll earth mage (D:15)
  4 orc high priests
  A spriggan berserker (Swamp:1)
  Sonja (Lair:5)
  3 skysharks
  4 goliath frogs
  A spriggan druid (Swamp:2)
  9 swamp dragons
  Lodul (D:11)
  A bog body (Swamp:4)
  A harpy (Lair:5)
  3 deep elf pyromancers
  5 orc knights
  2 ugly things
  4 necromancers (D:13)
  An arcanist (Volcano)
  An oklob plant (Lair:2)
  8 cyclopes
  Maurice (D:8)
  A will-o-the-wisp (Swamp:2)
  6 manticores
  4 orc sorcerers
  5 salamanders (Volcano)
  3 elephants (Lair:5)
  3 black mambas
  2 kobold blastminers (Orc:1)
  3 gargoyles
  4 molten gargoyles (Volcano)
  13 cane toads
  8 komodo dragons
  An unseen horror (D:11)
  A kobold demonologist (D:14)
  5 rime drakes
  2 freezing wraiths (D:15)
  3 efreet
  Psyche (D:9)
  A tengu conjurer (D:13)
  7 trolls
  A hellwing (Swamp:4)
  5 hornets
  A wind drake (Lair:5)
  7 tyrant leeches
  3 polar bears
  17 blink frogs
  4 dream sheep (Lair:4)
  Prince Ribbit (Lair:3)
  A snapping turtle (Lair:5)
  A slime creature (D:9)
  7 spriggans
  A shadow (D:11)
  6 wyverns
  A ynoxinul (D:13)
  3 fire bats (Lair:4)
  5 wraiths
  50 yaks
  8 basilisks
  10 vampire mosquitoes
  A death yak simulacrum (IceCv)
  A hog (shapeshifter) (D:15)
  18 humans (D:13)
  4 steam dragons
  18 swamp worms
  An acid dragon (D:9)
  2 nagas (Lair:2)
  A hydra simulacrum (IceCv)
  15 water moccasins
  6 swamp drakes
  3 ice beasts
  A sky beast (D:8)
  26 orc warriors
  3 black bears
  5 boggarts (D:14)
  12 ogres
  12 centaurs
  4 wolves (Lair:4)
  A tengu (shapeshifter) (D:12)
  4 kobold brigands
  2 brain worms (Sewer)
  14 bullfrogs
  A gnoll sergeant (D:7)
  A cane toad simulacrum (IceCv)
  3 scorpions
  12 wights
  9 killer bees (D:10)
  3 howler monkeys
  2 electric eels (D:9)
  4 hounds
  2 bombardier beetles
  2 jellies
  A gnoll bouda (D:8)
  16 orc priests
  22 orc wizards
  7 iguanas
  2 wolf simulacra (IceCv)
  14 adders
  13 gnolls
  5 river rats
  2 shadow imps
  15 white imps
  2 ufetubi (D:7)
  6 worms
  A dart slug (D:4)
  79 orcs
  7 endoplasms
  4 giant cockroaches
  9 goblins
  9 hobgoblins
  4 jackals
  47 kobolds
  4 quokkas
  14 ball pythons
  8 bats
  6 frilled lizards
  20 rats
816 creatures vanquished.

Vanquished Creatures (others)
  An orc knight (D:15)
  A bloated husk (Swamp:2)
  An orc wizard (D:5)
  A foxfire (Swamp:4)
4 creatures vanquished.

Grand Total: 820 creatures vanquished

Notes
Turn   | Place    | Note
-------+----------+-------------------------------------------
     0 | D:1      | Essalna the Gargoyle Earth Elementalist began the quest for
                  | the Orb.
     0 | D:1      | Reached XP level 1. HP: 10/10 MP: 3/3
    74 | D:1      | Reached skill level 1 in Alchemy
    74 | D:1      | Reached XP level 2. HP: 15/15 MP: 0/5
   580 | D:1      | Reached XP level 3. HP: 19/19 MP: 4/6
  1202 | D:2      | Reached XP level 4. HP: 24/24 MP: 2/8
  1396 | D:2      | Reached skill level 5 in Earth Magic
  1505 | D:2      | Identified the ring of Levyclul {^Contam +Blink Fly rCorr
                  | MP+9}
  2124 | D:3      | Found a broken altar of Ashenzari.
  2132 | D:3      | Reached XP level 5. HP: 28/28 MP: 10/10
  2761 | D:3      | Learned a level 3 spell: Stone Arrow
  2805 | D:4      | Reached XP level 6. HP: 32/32 MP: 12/12
  2814 | D:4      | Reached skill level 1 in Conjurations
  2834 | D:4      | Found a staircase to the Ecumenical Temple.
  2851 | Temple   | Entered the Ecumenical Temple
  2863 | Temple   | Became a worshipper of Vehumet
  2956 | D:4      | Reached XP level 7. HP: 36/36 MP: 13/13
  3001 | D:4      | Found a glowing drain.
  3009 | Sewer    | Entered a sewer
  3058 | Sewer    | Reached * piety under Vehumet
  3058 | Sewer    | Offered knowledge of Magic Dart by Vehumet.
  3221 | Sewer    | Reached skill level 5 in Spellcasting
  3931 | D:4      | Reached XP level 8. HP: 40/41 MP: 16/16
  4195 | D:4      | Reached skill level 1 in Fighting
  4195 | D:4      | Offered knowledge of Kiss of Death by Vehumet.
  4245 | D:4      | Reached skill level 2 in Fighting
  4268 | D:4      | Identified the +13 plate armour "Ryigh" {rC- rN+ Str+3
                  | Slay+2}
  4339 | D:5      | Entered Level 5 of the Dungeon
  4405 | D:5      | Reached ** piety under Vehumet
  4482 | D:5      | Reached skill level 3 in Fighting
  4555 | D:5      | Reached skill level 4 in Fighting
  4555 | D:5      | Reached skill level 5 in Conjurations
  4838 | D:5      | Reached skill level 5 in Fighting
  4838 | D:5      | Reached XP level 9. HP: 54/54 MP: 18/18
  4992 | D:6      | Offered knowledge of Hailstorm by Vehumet.
  5128 | D:6      | Found an iron altar of Okawaru.
  5160 | D:6      | Reached *** piety under Vehumet
  5440 | D:6      | You are sucked into a shaft and drop 1 floor!
  5446 | D:7      | Found a flagged portal.
  5449 | D:7      | Reached skill level 6 in Fighting
  5459 | Bailey   | Entered a bailey
  5473 | Bailey   | Offered knowledge of Mephitic Cloud by Vehumet.
  5672 | Bailey   | Reached skill level 7 in Fighting
  6255 | D:7      | Reached **** piety under Vehumet
  6314 | D:7      | Reached skill level 8 in Fighting
  6314 | D:7      | Reached XP level 10. HP: 51/64 MP: 19/20
  6316 | D:7      | Reached skill level 10 in Earth Magic
  6420 | D:7      | Offered knowledge of Fireball by Vehumet.
  6438 | D:7      | Learned a level 5 spell: Fireball
  6636 | D:7      | Reached skill level 1 in Fire Magic
  6965 | D:8      | Reached skill level 9 in Fighting
  7068 | D:8      | Reached ***** piety under Vehumet
  7068 | D:8      | Offered knowledge of Eringya's Noxious Bog by Vehumet.
  7220 | D:8      | Noticed Maurice
  7226 | D:8      | Killed Maurice
  7409 | D:8      | Noticed a two-headed ogre
  7414 | D:8      | Killed a two-headed ogre
  7415 | D:8      | Reached skill level 10 in Fighting
  7651 | D:9      | Noticed Psyche
  7661 | D:8      | Reached XP level 11. HP: 31/73 MP: 23/23
  7850 | D:9      | Noticed a two-headed ogre
  7856 | D:9      | Killed a two-headed ogre
  7857 | D:9      | Reached skill level 11 in Fighting
  8176 | D:9      | Reached skill level 5 in Fire Magic
  8261 | D:9      | Paralysed by something for 1 turns
  8262 | D:9      | Killed Psyche
  8645 | D:10     | Entered Level 10 of the Dungeon
  8716 | D:10     | Reached skill level 12 in Fighting
  8780 | D:10     | Noticed Erica
  8785 | D:10     | Killed Erica
  9063 | D:10     | Found a glowing silver altar of Zin.
  9063 | D:10     | Found a white marble altar of Elyvilon.
  9069 | D:10     | Found an opulent altar of Gozag.
  9073 | D:10     | Found a bloodstained altar of Trog.
  9077 | D:10     | Found a burning altar of Makhleb.
  9082 | D:10     | Found a stormy altar of Qazlal.
  9199 | D:10     | Reached skill level 10 in Conjurations
  9222 | D:10     | Reached skill level 1 in Armour
  9296 | D:10     | Noticed Harold
  9301 | D:10     | Killed Harold
  9302 | D:10     | Reached skill level 13 in Fighting
  9402 | D:10     | Found a staircase to the Lair.
  9540 | Lair:1   | Entered Level 1 of the Lair of Beasts
  9639 | Lair:1   | Found a dark tunnel.
  9641 | Lair:1   | Offered knowledge of Irradiate by Vehumet.
  9649 | Volcano  | Entered a volcano
  9662 | Volcano  | Reached XP level 12. HP: 73/84 MP: 24/24
 10111 | Volcano  | Noticed an orb of fire
 10143 | Volcano  | Noticed an orb of fire
 10768 | Lair:1   | Reached skill level 5 in Armour
 11587 | Lair:2   | Found a staircase to the Snake Pit.
 11778 | Lair:2   | Reached skill level 14 in Fighting
 12108 | Lair:2   | Reached XP level 13. HP: 90/90 MP: 25/25
 12608 | Lair:3   | Noticed Prince Ribbit
 12828 | Lair:3   | Reached skill level 5 in Dodging
 13035 | Lair:3   | Killed Prince Ribbit
 13917 | Lair:3   | Found a staircase to the Swamp.
 14248 | Lair:4   | Reached skill level 1 in Shields
 14446 | Lair:4   | Identified the ring of Wu Jian, Bespelling {Ice Will-
                  | Str+7}
 14969 | Lair:4   | Offered knowledge of Ozocubu's Refrigeration by Vehumet.
 15364 | Lair:5   | Entered Level 5 of the Lair of Beasts
 15502 | Lair:5   | Noticed Sonja
 15817 | Lair:5   | Killed Sonja
 15818 | Lair:5   | Reached skill level 15 in Fighting
 16072 | Lair:5   | Gained mutation: Your large and strong wings let you fly.
                  | [Gargoyle growth]
 16072 | Lair:5   | Reached XP level 14. HP: 98/98 MP: 14/26
 16315 | Lair:5   | Reached skill level 10 in Fire Magic
 17671 | Lair:5   | Found the +8 trident of the Octopus King {venom, rElec
                  | rPois}
 17966 | Lair:5   | Found a viscous altar of Jiyva.
 17966 | Lair:5   | Found a staircase to the Slime Pits.
 18668 | D:11     | Noticed Lodul
 18803 | D:11     | Killed Lodul
 18804 | D:11     | Reached skill level 16 in Fighting
 19131 | D:11     | Found a shadowy altar of Dithmenos.
 19985 | D:11     | Found a staircase to the Orcish Mines.
 20363 | D:12     | Noticed a sphinx
 20441 | D:12     | Killed a sphinx
 20674 | Orc:1    | Entered Level 1 of the Orcish Mines
 20685 | Orc:1    | Offered knowledge of Freezing Cloud by Vehumet.
 20698 | D:11     | Learned a level 5 spell: Freezing Cloud
 20962 | Orc:1    | Reached skill level 1 in Ice Magic
 21125 | Orc:1    | You are sucked into a shaft and drop 1 floor!
 21125 | Orc:2    | Entered Level 2 of the Orcish Mines
 21135 | Orc:2    | Reached skill level 1 in Air Magic
 21728 | Orc:1    | Reached XP level 15. HP: 100/105 MP: 0/27
 22035 | Orc:2    | Found a staircase to the Elven Halls.
 23395 | Orc:2    | Found Jaept's Weapon Shop.
 23395 | Orc:2    | Found Edixikik's Antique Weapon Emporium.
 23397 | Orc:2    | Found Nuryzecy's Antique Weapon Shop.
 23397 | Orc:2    | Found Uvarirgh's General Store.
 23808 | D:12     | Found Daat's Magic Scroll Shoppe.
 23816 | D:12     | Bought a scroll of teleportation for 42 gold pieces
 23816 | D:12     | Bought a scroll of fear for 56 gold pieces
 23921 | D:12     | Identified the +0 plate armour "Torrosho" {rC+ Will++}
 24173 | D:13     | Noticed Gotas's ghost (journeyman SpHu)
 24173 | D:13     | Found a runed translucent door.
 24452 | D:13     | Found a frozen archway.
 24476 | IceCv    | Entered an ice cave
 24515 | IceCv    | Found a transporter.
 24533 | IceCv    | Found a transporter.
 24820 | D:13     | Reached skill level 17 in Fighting
 25001 | D:13     | Found a gate to the Vaults.
 25236 | D:13     | Reached ****** piety under Vehumet
 25236 | D:13     | Offered knowledge of Bombard by Vehumet.
 25244 | D:13     | Learned a level 6 spell: Bombard
 25625 | D:13     | Killed Gotas's ghost
 25791 | D:13     | Identified the +2 falchion "Newtslayer" {freeze, rF+ MP+9}
 27450 | D:15     | Entered Level 15 of the Dungeon
 27686 | D:15     | Noticed a tengu reaver
 28125 | D:15     | Found a staircase to the Depths.
 28146 | D:15     | Found a sparkling altar of Nemelex Xobeh.
 28242 | D:15     | Killed a tengu reaver
 28802 | Swamp:1  | Entered Level 1 of the Swamp
 28805 | Swamp:1  | Reached XP level 16. HP: 114/114 MP: 27/28
 29068 | Swamp:1  | Reached skill level 18 in Fighting
 29595 | Swamp:1  | Offered knowledge of Plasma Beam by Vehumet.
 30267 | Swamp:2  | Noticed a thorn hunter
 30281 | Swamp:2  | Killed a thorn hunter
 31270 | Swamp:2  | Identified the +1 leather armour "Imawul" {rElec Int+3}
 31312 | Swamp:2  | Identified the +9 mace "Siuta" {drain, Dex+2 SInv}
 32164 | Swamp:3  | Noticed a fenstrider witch
 32167 | Swamp:3  | Killed a fenstrider witch
 32366 | Swamp:3  | Identified the +4 flail of Earthquakes {flame, *Rage rN++}
 32614 | Swamp:4  | Entered Level 4 of the Swamp
 32616 | Swamp:4  | Noticed Donald
 32659 | Swamp:3  | Reached skill level 19 in Fighting
 33029 | Swamp:2  | Slain by Donald

Illustrated notes

Levels and vault maps discovered:
D:1:      ebering_hopf_link, layout_basic, minmay_rat_gold_closets
D:2:      layout_basic
D:3:      minmay_spotlight, layout_loops_ring,
          mainiacjoe_overflow_concentric_impassable, nicolae_wormholes
D:4:      minmay_clustersquares, layout_cave_pools,
          minmay_temple_entry_purple_smoke, lightli_sewer_entry_pipes,
          minmay_manual_moon
D:5:      layout_basic
D:6:      layout_loops_ring, okawaru_altar_gauntlet_db, roderic_batcave
D:7:      kennysheep_kobold_camp, layout_basic, enter_bailey_2
D:8:      layout_cave_pods, nicolae_elevator_lobby_asterisk, uniq_maurice
D:9:      layout_basic, serial_aquarium, aquarium_bridge_long_joined
          [aquarium_subvault_bridge, aquarium_subvault_window,
          aquarium_subvault_wall, aquarium_subvault_wall,
          aquarium_subvault_bridge, aquarium_subvault_bridge],
          aquarium_bridge_straight [aquarium_subvault_bridge,
          aquarium_subvault_wall, aquarium_subvault_bridge,
          aquarium_subvault_wall], aquarium_window_fake, aquarium_window_2,
          aquarium_window_fake, aquarium_window_corridor_3, aquarium_view_2f,
          aquarium_pool_S, minivault_4, st_stairs_13, lightli_fourway_metalbox,
          uniq_psyche
D:10:     layout_long_grid, nicolae_overflow_hallway_of_the_gods,
          erik_lair_dragon, uniq_harold, uniq_erica
D:11:     layout_rooms, erik_orc_1, grunt_dithmenos_shadows, uniq_lodul
D:12:     minmay_outward_triangles, layout_loops_ring, serial_shops, shop
D:13:     layout_roguey, grunt_vaults_entry_tiered, hellmonk_ghost_big_iron,
          portal_ice_cave_entry_imps
D:14:     layout_roguey, kennysheep_another_room, serial_co_window_serial,
          co_window_paths_b, co_window_paths_a, co_window_paths_a,
          co_window_of_opportunity_a, co_window_of_opportunity_a,
          co_window_cross_2, co_window_unsneaky_path_a,
          co_window_unsneaky_path_c, co_window_4corner_b, co_window_paths_e,
          glass_columns_a, glass_columns_a
D:15:     hellmonk_depths_entry_around_the_bend, layout_rooms,
          nemelex_xobeh_ov_fountains_minmay
Temple:   nicolae_temple_great_sept
Lair:1:   layout_regular_city, nicolae_volcano_entry_hallway,
          hangedman_lair_unloving_vines, serial_bayou_shore_b
Lair:2:   layout_gridlike, minmay_snake_entry_guardpost_small
Lair:3:   layout_cave_shapes, minmay_swamp_entry_reptiles, wad_woods_02,
          grunt_megastairs_4, infiniplex_staircase_pool_2, uniq_prince_ribbit2
Lair:4:   layout_gridlike
Lair:5:   gammafunk_lair_ancient_temple, layout_cave_pods,
          dpeg_slime_entry_enclosed, serial_bayou_shore_a, uniq_sonja
Swamp:1:  layout_falls_marsh, serial_swamp_ruin, evilmike_swamp_ruin_house_2,
          evilmike_swamp_ruin_house_1
Swamp:2:  layout_basic_swamp, nicolae_swamp_trees_clearing, swamp_pool_4,
          st_swamp_ruins_4
Swamp:3:  layout_basic_swamp, evilmike_swamp_ruin_rubble_2
Swamp:4:  nzn_swamp_witches_coven, layout_basic_swamp, uniq_donald
Orc:1:    layout_caves
Orc:2:    grunt_orc_tribal_feast, layout_diamond_mine, nicolae_orc_lava_room

Skill      XL: |  1  2  3  4  5  6  7  8  9 10 11 12 13 14 15 16 |
---------------+-------------------------------------------------+-----
Earth Magic    | 4 5 6 7 8 9 10 | 10.1
Alchemy        | 1 |  1.0
Spellcasting   | 3 4 5 6 7 8 |  8.2
Conjurations   | 2 4 5 7 8 10 11 12 14 | 14.2
Fighting       | 5 8 10 13 14 15 16 17 19 | 19.1
Fire Magic     | 4 6 8 9 11 13 14 | 14.8
Armour         | 2 5 |  5.0
Dodging        | 2 4 6 |  6.0
Shields        | 4 |  4.0
Ice Magic      | 1 4 |  4.0
Air Magic      | 1 4 |  4.0
Stealth        | |  2.1

Action                     |  1- 3 |  4- 6 |  7- 9 | 10-12 | 13-15 | 16-18 || total
---------------------------+-------+-------+-------+-------+-------+-------++-------
  Melee: Unarmed           |     5 |       |       |       |       |       ||     5
         Whip              |       |     6 |       |       |       |       ||     6
         Dagger            |       |     7 |    17 |    23 |    14 |       ||    61
         Staff             |       |       |       |     8 |    30 |     2 ||    40
         Falchion          |       |       |       |       |       |     1 ||     1
   Cast: Sandblast         |    38 |   111 |   236 |   239 |   149 |    19 ||   792
         Stone Arrow       |       |       |     7 |   104 |    54 |       ||   165
         Fireball          |       |       |       |    26 |   491 |   130 ||   647
         Bombard           |       |       |       |       |    19 |    34 ||    53
         Freezing Cloud    |       |       |       |       |     1 |       ||     1
    Use: Scroll            |       |     8 |     2 |     1 |    18 |     4 ||    33
         Potion            |       |     1 |       |       |     3 |     1 ||     5
 Armour: Robe              |    10 |    50 |    94 |    81 |       |       ||   235
         Troll leather arm |       |       |       |    91 |   273 |   110 ||   474
  Dodge: Dodged            |     9 |    46 |    70 |   114 |   168 |    50 ||   457
  Block: Buckler           |       |       |       |       |    59 |    14 ||    73
         Reflection        |       |       |       |       |     3 |       ||     3

Table legend: (Time is in decaauts)
 A = Elapsed time spent in this place.
 B = Non-inter-level travel time spent in this place.
 C = Inter-level travel time spent in this place.
 D = Time resting spent in this place.
 E = Time spent auto-exploring this place.
 F = Levels seen in this place.
 G = Mean time per level.
                   A        B        C        D        E       F      G
               +--------+--------+--------+--------+--------+-----+--------+
         Total |  33472 |  31220 |   2252 |   2305 |  24290 |  31 | 1079.7 |
       Dungeon |  16075 |  14914 |   1161 |    708 |  11862 |  15 | 1071.7 |
        Temple |     24 |      2 |     22 |      0 |      0 |   1 |   24.0 |
          Lair |   8377 |   7657 |    720 |    823 |   5918 |   5 | 1675.4 |
         Swamp |   4102 |   3807 |    295 |    556 |   2753 |   4 | 1025.5 |
  Orcish Mines |   2920 |   2868 |     52 |      0 |   2519 |   2 | 1460.0 |
         Sewer |    795 |    795 |      0 |    218 |    429 |   1 |  795.0 |
        Bailey |    379 |    379 |      0 |      0 |    197 |   1 |  379.0 |
      Ice Cave |     73 |     73 |      0 |      0 |     42 |   1 |   73.0 |
       Volcano |    723 |    723 |      0 |      0 |    570 |   1 |  723.0 |
               +--------+--------+--------+--------+--------+-----+--------+

Top non-repeatable levels by time:
  Lair:4: 2146 daAuts
  Lair:5: 1982 daAuts
    D:14: 1865 daAuts
  Lair:2: 1823 daAuts
    D:10: 1607 daAuts
   Orc:2: 1594 daAuts
    D:13: 1513 daAuts
 Swamp:1: 1504 daAuts
 Swamp:2: 1419 daAuts
  Lair:1: 1348 daAuts
    D:11: 1331 daAuts
   Orc:1: 1325 daAuts
     D:1: 1168 daAuts
    D:12: 1154 daAuts
 Swamp:3: 1095 daAuts
